 Dungeon Crawl Stone Soup version 0.31-a0-164-g2312942fda (webtiles) character file.

Game seed: 519756059843539272

2423 qw the Skirmisher (level 9, -1/82 HPs)
             Began as a Naga Hunter on June 13, 2023.
             Was a Follower of Okawaru.
             Slain by an orc
             ... wielding a +0 morningstar
              (5 damage)
             ... on level 7 of the Dungeon.
             The game lasted 00:02:07 (4786 turns).

qw the Skirmisher (Naga Hunter)                     Turns: 4786, Time: 00:02:08

Health: -1/82      AC:  9    Str: 14    XL:     9   Next: 48%
Magic:  10/12      EV: 14    Int: 10    God:    Okawaru [*.....]
Gold:   369        SH:  0    Dex: 18    Spells: 8/8 levels left

rFire   . . .        Y - +1 shortbow
rCold   . . .        (shield currently unavailable)
rNeg    . . .        c - +0 leather armour
rPois   +            (helmet restricted)
rElec   .            (no cloak)
rCorr   .            (no gloves)
SInv    +            (no barding)
Will    +....        n - amulet of regeneration
Stlth   +++          g - +4 ring of protection
HPRegen 1.13/turn    (no ring)
MPRegen 0.13/turn

%: no passive effects
@: about to teleport, heroic, very slow
A: AC +3, large, see invisible, deformed body, poison resistance, slowness 2,
spit poison 1, naga tail 1, antennae 1
a: Spit Poison, Renounce Religion, Heroism


You were on level 7 of the Dungeon.
You worshipped Okawaru.
Okawaru was aware of your devotion.
You visited 2 branches of the dungeon, and saw 8 of its levels.

You collected 369 gold pieces.


Innate Abilities, Weirdness & Mutations

Your serpentine skin is tough. (AC +3)
You have supernaturally acute eyesight. (SInv)
Armour fits poorly on your strangely shaped body.
Your system is resistant to poisons. (rPois)
You cover ground very slowly.
You can spit poison.
You have a snake-like lower body.
You have a pair of small antennae on your head.


   Skills:
 - Level 6.0(11.0) Fighting
 + Level 9.8(14.8) Ranged Weapons
 - Level 3.1(8.1) Dodging
 - Level 1.5(6.5) Stealth
 - Level 4.0 Invocations


You had 8 spell levels left.
You didn't know any spells.
Your spell library was empty.

Inventory:

Hand Weapons
 Y - a +1 shortbow (weapon)
Armour
 c - a +0 leather armour (worn)
Jewellery
 g - a +4 ring of protection (left hand)
 n - an amulet of regeneration (around neck)
Scrolls
 l - a scroll of identify
Potions
 a - a potion of cancellation
 b - a potion of might {unknown}
 d - a potion of resistance {unknown}
 e - 3 potions of curing
 f - a potion of invisibility {unknown}
 h - a potion of enlightenment {unknown}
 i - a potion of haste {unknown}
 j - a potion of mutation
 m - a potion of heal wounds {unknown}

Dungeon Overview and Level Annotations

Branches:
Dungeon (7/15)             Temple (1/1) D:5

Altars:
Ashenzari
Dithmenos
Elyvilon
Fedhas
Gozag
Hepliaklqana
Kikubaaqudgha
Nemelex Xobeh
Okawaru
Qazlal
Ru
Sif Muna
Trog
Uskayaw
Vehumet
Wu Jian
Xom
Yredelemnul
Zin

Shops:
D:3 :

Annotations:
D:7 Joseph


Message History

You are engulfed in a cloud of scalding steam.
You feel like a meek peon again. The orc closely misses you.
The steam dragon bites you.
The steam dragon claws you but does no damage.
4781 ||| INVOKING Heroism.
You gain the combat prowess of a mighty hero.
Joseph is engulfed in a cloud of scalding steam.
Joseph completely misses you. The steam dragon closely misses you.
The steam dragon claws you. The orc closely misses you.
The orc wizard gestures wildly while chanting.
The orc wizard flickers and vanishes for a moment.
You shoot an arrow. The arrow hits Joseph!
Joseph is severely wounded.
You are engulfed in a cloud of scalding steam.
Joseph is engulfed in a cloud of scalding steam.
Joseph hits you with a +0 quarterstaff.
The steam dragon bites you but does no damage.
The steam dragon claws you but does no damage.
The orc barely misses you.
4783 ||| READING scroll of teleportation.
As you read the scroll of teleportation, it crumbles to dust.
You feel strangely unstable. Joseph hits you with a +0 quarterstaff.
The orc is engulfed in a cloud of scalding steam.
The orc dies!
The steam dragon misses you.
The steam dragon claws you but does no damage.
You shoot an arrow. The arrow closely misses Joseph.
The arrow hits the orc wizard.
The orc wizard is moderately wounded.
Joseph misses you.
You shoot an arrow. The arrow hits Joseph!
Joseph is almost dead.
The steam dragon bites you but does no damage.
The steam dragon misses you. Joseph hits you with a +0 quarterstaff!
You shoot an arrow. The arrow hits Joseph.
Joseph is almost dead.
You have got your breath back.
The orc hits you with a +0 morningstar.
You die...

..##.###.......#
..##.###.......# ##
......>#.......# ..
..####.#.......# .#
..####.#.......# ..
.....# #..(....# .#
.[...# #.......# [#
.....#.#.##'#####.#
........[.#...o@@.#
..####.........oD##
.................#
..####...........#
...# #...........#
...# #...........#
...# #.#+#########
..####. .....#


You could see Joseph, a steam dragon, an orc wizard (invisible) and an orc.

Vanquished Creatures
  Grinder (D:6)
  Sigmund (D:5)
  A wyvern (D:7)
  A water moccasin (D:5)
  A black bear (D:5)
  An ogre (D:6)
  A centaur (D:7)
  A kobold brigand (D:5)
  4 bullfrogs
  2 scorpions
  8 wights (D:7)
  A killer bee (D:7)
  3 orc priests
  3 hounds
  4 jellies
  Natasha (D:3)
  An iguana (D:4)
  3 orc wizards (D:6)
  14 adders
  A shadow imp (D:6)
  An ufetubus (D:7)
  3 worms
  A dart slug (D:3)
  12 orcs
  5 ball pythons
  5 bats
  6 endoplasms
  7 giant cockroaches
  8 goblins
  6 hobgoblins
  7 kobolds
  4 quokkas
  4 frilled lizards
  5 rats
127 creatures vanquished.

Vanquished Creatures (others)
  An orc (D:7)
1 creature vanquished.

Grand Total: 128 creatures vanquished

Notes
Turn   | Place    | Note
-------+----------+-------------------------------------------
     0 | D:1      | qw the Naga Hunter began the quest for the Orb.
     0 | D:1      | Reached XP level 1. HP: 19/19 MP: 1/1
     0 | D:1      | 0 ||| qw: Version: 0.2-a-29-gc1b59c4
     0 | D:1      | 0 ||| qw: Game counter: 4613
     0 | D:1      | 0 ||| qw: Always use a shield: true
     0 | D:1      | 0 ||| qw: God list: Okawaru
     0 | D:1      | 0 ||| qw: Allow faded altars: false
     0 | D:1      | 0 ||| qw: Do Orc after D:15 true
     0 | D:1      | 0 ||| qw: Do second Lair branch before Depths: true
     0 | D:1      | 0 ||| qw: Lair rune preference: random
     0 | D:1      | 0 ||| qw: Plans: Normal
     0 | D:1      | 0 ||| PLANNING D:1-11
     5 | D:1      | 5 ||| INVOKING Spit Poison.
    10 | D:1      | 10 ||| INVOKING Spit Poison.
    17 | D:1      | 17 ||| INVOKING Spit Poison.
    20 | D:1      | 20 ||| INVOKING Spit Poison.
    39 | D:1      | Reached skill level 4 in Ranged Weapons
    39 | D:1      | Reached XP level 2. HP: 26/26 MP: 2/2
    56 | D:1      | 56 ||| INVOKING Spit Poison.
    86 | D:1      | 86 ||| INVOKING Spit Poison.
   104 | D:1      | 104 ||| INVOKING Spit Poison.
   112 | D:1      | 112 ||| INVOKING Spit Poison.
   116 | D:1      | 116 ||| INVOKING Spit Poison.
   136 | D:1      | 136 ||| INVOKING Spit Poison.
   142 | D:1      | 142 ||| INVOKING Spit Poison.
   144 | D:1      | Reached XP level 3. HP: 32/32 MP: 3/3
   152 | D:1      | 152 ||| INVOKING Spit Poison.
   165 | D:1      | 165 ||| INVOKING Spit Poison.
   240 | D:1      | 240 ||| INVOKING Spit Poison.
   244 | D:1      | 244 ||| INVOKING Spit Poison.
   259 | D:1      | 259 ||| INVOKING Spit Poison.
   262 | D:1      | 262 ||| INVOKING Spit Poison.
   411 | D:1      | 411 ||| UPGRADING to +4 ring of protection.
   412 | D:1      | 412 ||| READING scroll labelled ASIOFI EMOUPT.
   413 | D:1      | 413 ||| DROPPING scroll of butterflies.
   426 | D:2      | 426 ||| INVOKING Spit Poison.
   434 | D:2      | 434 ||| INVOKING Spit Poison.
   489 | D:2      | 489 ||| INVOKING Spit Poison.
   540 | D:2      | 540 ||| INVOKING Spit Poison.
   563 | D:2      | 563 ||| INVOKING Spit Poison.
   567 | D:2      | 567 ||| INVOKING Spit Poison.
   571 | D:2      | 571 ||| INVOKING Spit Poison.
   630 | D:2      | 630 ||| INVOKING Spit Poison.
   767 | D:2      | 767 ||| INVOKING Spit Poison.
   773 | D:2      | 773 ||| INVOKING Spit Poison.
   779 | D:2      | 779 ||| INVOKING Spit Poison.
   798 | D:2      | 798 ||| INVOKING Spit Poison.
   801 | D:2      | 801 ||| INVOKING Spit Poison.
   805 | D:2      | Reached skill level 5 in Ranged Weapons
   805 | D:2      | Reached XP level 4. HP: 39/39 MP: 4/4
   806 | D:2      | 806 ||| INVOKING Spit Poison.
   811 | D:2      | 811 ||| INVOKING Spit Poison.
   859 | D:2      | 859 ||| INVOKING Spit Poison.
  1213 | D:2      | 1213 ||| DROPPING scarf of shadows.
  1214 | D:2      | 1214 ||| READING scroll labelled ELIYCL GAITH.
  1215 | D:2      | 1215 ||| READING 2 scrolls labelled BIC ROILOBEKUD.
  1216 | D:2      | 1216 ||| READING scroll labelled OCKUSE WIOQY.
  1317 | D:2      | 1317 ||| READING 3 scrolls labelled BIMIYFA VEKLA.
  1318 | D:2      | 1318 ||| READING scroll labelled CIMNAK DELIKEROF.
  1388 | D:2      | 1388 ||| READING 2 scrolls labelled INEULOUWEA.
  1389 | D:2      | 1389 ||| DROPPING scroll of vulnerability.
  1390 | D:2      | 1390 ||| DROPPING 2 scrolls of poison.
  1402 | D:3      | 1402 ||| INVOKING Spit Poison.
  1454 | D:3      | Found a shimmering altar of Xom.
  1456 | D:3      | 1456 ||| INVOKING Spit Poison.
  1459 | D:3      | 1459 ||| INVOKING Spit Poison.
  1463 | D:3      | 1463 ||| INVOKING Spit Poison.
  1480 | D:3      | 1480 ||| INVOKING Spit Poison.
  1528 | D:3      | Found Kerrelo's Vocational Training.
  1567 | D:3      | Found a radiant altar of Vehumet.
  1570 | D:3      | 1570 ||| INVOKING Spit Poison.
  1591 | D:3      | 1591 ||| INVOKING Spit Poison.
  1592 | D:3      | Reached skill level 3 in Fighting
  1620 | D:3      | 1620 ||| INVOKING Spit Poison.
  1640 | D:3      | 1640 ||| INVOKING Spit Poison.
  1644 | D:3      | Reached XP level 5. HP: 49/49 MP: 5/5
  1822 | D:3      | 1822 ||| INVOKING Spit Poison.
  1883 | D:3      | 1883 ||| INVOKING Spit Poison.
  1889 | D:3      | 1889 ||| INVOKING Spit Poison.
  1994 | D:3      | Noticed Natasha
  2004 | D:3      | Killed Natasha
  2052 | D:3      | 2052 ||| READING scroll labelled XATEH ECKIRI.
  2055 | D:3      | 2055 ||| DRINKING 2 glowing yellow potions.
  2055 | D:3      | Gained mutation: You have a pair of small antennae on your
                  | head. [potion of mutation]
  2056 | D:3      | 2056 ||| READING 2 scrolls of identify.
  2056 | D:3      | 2056 ||| IDENTIFYING bubbling silvery potion
  2114 | D:4      | 2114 ||| INVOKING Spit Poison.
  2331 | D:4      | 2331 ||| INVOKING Spit Poison.
  2339 | D:4      | 2339 ||| INVOKING Spit Poison.
  2449 | D:4      | Reached skill level 6 in Ranged Weapons
  2477 | D:4      | Reached XP level 6. HP: 56/56 MP: 6/6
  2576 | D:4      | 2576 ||| INVOKING Spit Poison.
  2601 | D:4      | 2601 ||| INVOKING Spit Poison.
  2605 | D:4      | 2605 ||| INVOKING Spit Poison.
  2879 | D:4      | 2879 ||| INVOKING Spit Poison.
  2885 | D:4      | 2885 ||| INVOKING Spit Poison.
  3001 | D:4      | 3001 ||| READING scroll labelled DAYRUPNOGUI.
  3002 | D:4      | 3002 ||| DRINKING 2 fizzy golden potions.
  3003 | D:4      | 3003 ||| DRINKING 2 purple potions.
  3004 | D:4      | 3004 ||| DROPPING potion of degeneration.
  3016 | D:5      | Entered Level 5 of the Dungeon
  3183 | D:5      | Found a staircase to the Ecumenical Temple.
  3184 | D:5      | 3184 ||| PLANNING TEMPLE
  3184 | D:5      | 3184 ||| DRINKING 2 grey potions.
  3214 | D:5      | 3214 ||| DROPPING potion of lignification.
  3219 | Temple   | Entered the Ecumenical Temple
  3220 | Temple   | 3220 ||| PLANNING OKAWARU WORSHIP
  3290 | Temple   | Became a worshipper of Warmaster Okawaru
  3290 | Temple   | 3290 ||| PLANNING D:1-11
  3311 | D:5      | 3311 ||| INVOKING Spit Poison.
  3358 | D:5      | 3358 ||| INVOKING Spit Poison.
  3361 | D:5      | 3361 ||| INVOKING Spit Poison.
  3367 | D:5      | Reached XP level 7. HP: 56/64 MP: 7/7
  3414 | D:5      | 3414 ||| INVOKING Spit Poison.
  3421 | D:5      | Found a blossoming altar of Fedhas.
  3444 | D:5      | Reached * piety under Okawaru
  3445 | D:5      | Reached skill level 7 in Ranged Weapons
  3539 | D:5      | Noticed Sigmund
  3540 | D:5      | 3540 ||| INVOKING Heroism.
  3541 | D:5      | 3541 ||| INVOKING Spit Poison.
  3546 | D:5      | 3546 ||| INVOKING Spit Poison.
  3548 | D:5      | Killed Sigmund
  3551 | D:5      | 3551 ||| INVOKING Spit Poison.
  3552 | D:5      | 3552 ||| INVOKING Heroism.
  3555 | D:5      | 3555 ||| INVOKING Spit Poison.
  3558 | D:5      | Reached XP level 8. HP: 63/72 MP: 4/10
  3571 | D:5      | 3571 ||| INVOKING Spit Poison.
  3575 | D:5      | 3575 ||| INVOKING Spit Poison.
  3666 | D:5      | Found a broken altar of Ashenzari.
  3744 | D:5      | 3744 ||| INVOKING Spit Poison.
  3747 | D:5      | 3747 ||| INVOKING Spit Poison.
  3787 | D:5      | 3787 ||| INVOKING Spit Poison.
  3796 | D:5      | 3796 ||| INVOKING Spit Poison.
  3800 | D:5      | 3800 ||| INVOKING Spit Poison.
  3892 | D:6      | 3892 ||| INVOKING Heroism.
  3894 | D:6      | Reached skill level 3 in Invocations
  3923 | D:6      | Noticed Grinder
  3924 | D:6      | 3924 ||| INVOKING Heroism.
  3935 | D:6      | Killed Grinder
  3945 | D:6      | 3945 ||| INVOKING Spit Poison.
  3949 | D:6      | Reached skill level 8 in Ranged Weapons
  3950 | D:6      | 3950 ||| INVOKING Heroism.
  3951 | D:6      | 3951 ||| INVOKING Spit Poison.
  3963 | D:6      | 3963 ||| INVOKING Spit Poison.
  3978 | D:6      | 3978 ||| INVOKING Spit Poison.
  4007 | D:6      | 4007 ||| INVOKING Heroism.
  4008 | D:6      | 4008 ||| INVOKING Spit Poison.
  4038 | D:6      | 4038 ||| INVOKING Spit Poison.
  4063 | D:6      | 4063 ||| INVOKING Heroism.
  4065 | D:6      | 4065 ||| INVOKING Spit Poison.
  4069 | D:6      | 4069 ||| INVOKING Spit Poison.
  4099 | D:6      | Found a hide-covered altar of Uskayaw.
  4099 | D:6      | Noticed a +0 dagger
  4099 | D:6      | Noticed a +0 falchion
  4100 | D:6      | Noticed a +0 short sword
  4100 | D:6      | Noticed a +0 falchion
  4100 | D:6      | Noticed a +0 dagger
  4101 | D:6      | Noticed a +0 spear
  4101 | D:6      | Noticed a +0 spear
  4103 | D:6      | Noticed a +0 short sword
  4335 | D:6      | 4335 ||| INVOKING Spit Poison.
  4389 | D:6      | 4389 ||| UPGRADING to amulet of regeneration.
  4394 | D:6      | 4394 ||| READING scroll labelled HUSTI IRUNTUS.
  4518 | D:7      | 4518 ||| Stepping ~*~*~tactically~*~*~ (outnumbered).
  4524 | D:7      | Reached skill level 9 in Ranged Weapons
  4524 | D:7      | Reached XP level 9. HP: 79/81 MP: 12/12
  4578 | D:7      | Reached skill level 3 in Dodging
  4589 | D:7      | 4589 ||| Stepping ~*~*~tactically~*~*~ (outnumbered).
  4592 | D:7      | 4592 ||| INVOKING Spit Poison.
  4605 | D:7      | 4605 ||| INVOKING Heroism.
  4667 | D:7      | 4667 ||| INVOKING Heroism.
  4668 | D:7      | 4668 ||| INVOKING Spit Poison.
  4671 | D:7      | 4671 ||| INVOKING Spit Poison.
  4676 | D:7      | 4676 ||| INVOKING Spit Poison.
  4682 | D:7      | 4682 ||| INVOKING Spit Poison.
  4692 | D:7      | 4692 ||| INVOKING Spit Poison.
  4696 | D:7      | 4696 ||| INVOKING Heroism.
  4698 | D:7      | 4698 ||| INVOKING Spit Poison.
  4699 | D:7      | Reached skill level 6 in Fighting
  4740 | D:7      | 4740 ||| INVOKING Spit Poison.
  4746 | D:7      | 4746 ||| INVOKING Spit Poison.
  4748 | D:7      | 4748 ||| INVOKING Heroism.
  4752 | D:7      | 4752 ||| INVOKING Spit Poison.
  4757 | D:7      | 4757 ||| INVOKING Spit Poison.
  4760 | D:7      | Noticed Joseph
  4764 | D:7      | 4764 ||| INVOKING Spit Poison.
  4772 | D:7      | 4772 ||| INVOKING Spit Poison.
  4778 | D:7      | 4778 ||| INVOKING Spit Poison.
  4781 | D:7      | 4781 ||| INVOKING Heroism.
  4782 | D:7      | HP: 17/82 [Joseph/+0 quarterstaff (6)]
  4783 | D:7      | 4783 ||| READING scroll of teleportation.
  4785 | D:7      | HP: 4/82 [Joseph/+0 quarterstaff (13)]
  4786 | D:7      | Slain by an orc

Levels and vault maps discovered:
D:1:      grunt_arrival_lava_bath, layout_rooms, hangedman_decor_growths
D:2:      layout_loops_ring, minmay_misc_feat_pillars, st_stairs_11,
          grunt_ministairs_12
D:3:      minmay_spotlight, layout_loops_ring, vehumet_altar_wand_db,
          mainiacjoe_overflow_alcove_4, minmay_misc_feat_enclosed,
          grunt_decor_resistance, nicolae_shop_vocational, uniq_natasha
D:4:      layout_loops_corners
D:5:      layout_loops_cross, mainiacjoe_overflow_concentric_impassable,
          grunt_ashenzari_visionary [grunt_ashenzari_visionary_swamp,
          grunt_ashenzari_visionary_spider], temple_doors_e, uniq_sigmund
D:6:      layout_basic, nicolae_uskayaw_en_pointe,
          amcnicky_mini_corridor_feature, uniq_grinder
D:7:      nzn_winding_woodlands_medium [nzn_winding_woodlands_5x5_three,
          nzn_winding_woodlands_5x15_sawtooth,
          nzn_winding_woodlands_5x5_open_star, nzn_winding_woodlands_hourglass,
          nzn_winding_woodlands_center_garden,
          nzn_winding_woodlands_5x5_perimeter,
          nzn_winding_woodlands_5x5_closed_star,
          nzn_winding_woodlands_5x15_pool, nzn_winding_woodlands_5x5_default],
          layout_basic, uniq_joseph
Temple:   zaba_magenta_temple

Skill      XL: |  1  2  3  4  5  6  7  8  9 |
---------------+----------------------------+-----
Ranged Weapons | 4 5 6 7 9 |  9.8
Fighting       | 3 4 5 6 |  6.0
Dodging        | 2 3 |  3.1
Invocations    | 2 4 |  4.0
Stealth        | |  1.5

Action                     |  1- 3 |  4- 6 |  7- 9 || total
---------------------------+-------+-------+-------++-------
   Fire: Shortbow          |    76 |   108 |   218 ||   402
 Invoke: Heroism           |       |       |    12 ||    12
Ability: Spit Poison       |    30 |    26 |    35 ||    91
    Use: Scroll            |     1 |     9 |     2 ||    12
         Potion            |       |     4 |       ||     4
 Armour: Leather armour    |     7 |    21 |    45 ||    73
  Dodge: Dodged            |    13 |    27 |    96 ||   136

Table legend:
 A = Non-vault XP
 B = Vault XP
 C = Vault XP percentage of total XP
 D = Non-vault monster count
 E = Vault monster count
 F = Vault count percentage of total count
                 A         B        C        D         E       F
            +---------+---------+-------+---------+---------+-------
      Total |    2451 |    1011 |  29.2 |     108 |      19 |  15.0
            +---------+---------+-------+---------+---------+-------
        D:1 |      46 |       0 |   0.0 |      26 |       0 |   0.0
        D:2 |      39 |      21 |  35.0 |      13 |       6 |  31.6
        D:3 |      62 |      52 |  45.6 |      12 |       5 |  29.4
        D:4 |     184 |       0 |   0.0 |      12 |       0 |   0.0
        D:5 |     638 |     226 |  26.2 |      13 |       1 |   7.1
        D:6 |     556 |     267 |  32.4 |      15 |       1 |   6.2
        D:7 |     926 |     445 |  32.5 |      17 |       6 |  26.1
            +---------+---------+-------+---------+---------+-------
